 Dungeon Crawl Stone Soup version 0.27-a0-328-g7f782ed93a (webtiles) character file.

Game seed: 16013723973702251797

280 ReteAZ the Twirler (level 6, -3/47 HPs)
             Began as a Gnoll Wanderer on Feb 11, 2021.
             Slain by a black bear (5 damage)
             ... on level 3 of the Dungeon.
             The game lasted 00:02:35 (3315 turns).

ReteAZ the Twirler (Gnoll Wanderer)                 Turns: 3315, Time: 00:02:35

Health: -3/47      AC:  3    Str: 13    XL:     6   Next: 27%
Magic:  14/14      EV: 12    Int: 14    God:
Gold:   140        SH:  0    Dex:  9    Spells: 14/15 levels left

rFire    . . .     SeeInvis .   a - +2 quarterstaff
rCold    . . .     Faith    .   (shield currently unavailable)
rNeg     . . .     Spirit   .   d - +0 robe
rPois    .         Reflect  .   (no helmet)
rElec    .         Harm     .   (no cloak)
rCorr    .         Rampage  .   (no gloves)
Will     .....                  b - +0 pair of boots
Stlth    ++........             l - amulet of magic regeneration
HPRegen  0.15/turn              (no ring)
MPRegen  0.39/turn              (no ring)

@: no status effects
A: distributed training, fangs 1, strong nose
a: no special abilities


You were on level 3 of the Dungeon.
You visited 1 branch of the dungeon, and saw 3 of its levels.

You collected 140 gold pieces.

Inventory:

Hand Weapons
 a - a +2 quarterstaff (weapon)
Armour
 b - a +0 pair of boots (worn)
 d - a +0 robe (worn)
 i - a +0 buckler
Jewellery
 l - an amulet of magic regeneration (around neck)
Scrolls
 e - 2 scrolls of teleportation {unknown}
 g - a scroll of fog {unknown}
 j - a scroll of amnesia {unknown}
 n - a scroll of magic mapping {unknown}
 o - a scroll of noise {unknown}
Potions
 c - a potion of lignification
 f - a potion of mutation {unknown}
 h - a potion of curing {unknown}
 k - a potion of might {unknown}
 m - a potion of attraction {unknown}


   Skills:
 + Level 3.2 Fighting
 + Level 1.9 Short Blades
 + Level 1.9 Long Blades
 + Level 1.9 Axes
 + Level 1.9 Maces & Flails
 + Level 1.9 Polearms
 + Level 6.8 Staves
 + Level 1.9 Slings
 + Level 1.9 Bows
 + Level 1.9 Crossbows
 + Level 1.9 Throwing
 + Level 1.9 Armour
 + Level 3.2 Dodging
 + Level 1.9 Stealth
 + Level 4.9 Shields
 + Level 1.9 Unarmed Combat
 + Level 5.3 Spellcasting
 + Level 1.5 Conjurations
 + Level 1.5 Hexes
 + Level 1.5 Summonings
 + Level 2.6 Necromancy
 + Level 1.5 Translocations
 + Level 1.5 Transmutations
 + Level 1.5 Fire Magic
 + Level 1.5 Ice Magic
 + Level 1.5 Air Magic
 + Level 1.5 Earth Magic
 + Level 1.5 Poison Magic
 + Level 2.1 Invocations
 + Level 1.9 Evocations


You had 14 spell levels left.
You knew the following spells:

 Your Spells              Type           Power        Failure   Level
a - Sting                 Tmut/Pois      28%          9%          1

Your spell library contained the following spells:

 Spells                   Type           Power        Failure   Level
 Spider Form              Tmut/Pois      3%           26%         3


Dungeon Overview and Level Annotations

Branches:
Dungeon (3/15)

Altars:


Innate Abilities, Weirdness & Mutations

Your experience applies equally to all skills.
You have very sharp teeth.
Your uncanny sense of smell can sniff out nearby items.


Message History

The black bear is poisoned.
Casting: Sting (safe; 9% risk of failure)
Confirm with . or Enter, or press ? or * to list all spells.
Aiming: Sting (safe; 9% risk of failure)
Press: ? - help, Shift-Dir - straight line, f/p - black bear
Aim: a black bear (lightly wounded, poisoned, 23% to evade)
The sting hits the black bear.
The black bear looks even sicker.
The black bear is lightly wounded.
Casting: Sting (safe; 9% risk of failure)
Confirm with . or Enter, or press ? or * to list all spells.
Aiming: Sting (safe; 9% risk of failure)
Press: ? - help, Shift-Dir - straight line, f/p - black bear
Aim: a black bear (lightly wounded, very poisoned, 23% to evade)
The sting misses the black bear.
The black bear misses you.
The black bear claws you but does no damage.
The black bear claws you.
You closely miss the black bear.
The black bear is lightly wounded.
The black bear completely misses you.
The black bear claws you but does no damage.
The black bear barely misses you.
You sock the black bear!
The black bear is heavily wounded.
The black bear bites you! The black bear claws you. x2
You sock the black bear!
The black bear is severely wounded.
The black bear goes berserk!
You barely miss the black bear.
The black bear is severely wounded.
The black bear bites you! The black bear claws you. x2
* * * LOW HITPOINT WARNING * * *
The black bear closely misses you. The black bear claws you.
* * * LOW HITPOINT WARNING * * *
The black bear completely misses you.
You closely miss the black bear.
The black bear is severely wounded.
The black bear bites you!
* * * LOW HITPOINT WARNING * * *
The black bear misses you. The black bear claws you.
You die...

.## #.# .# #.# .# #.# '##
######.# ∆ ..## #...##.#
...## #......# ## ....##
#...#### #####..##
.....####...#######........
.....'...)......@h.........
.....####...#######.###....
....## #..## #.# . ...##
#.#### #.# ..## #....# #.#
'## ####.# #.. ∆ ..# #.#
##. ..# #.# . ..# #.#


You could see a black bear (berserk, poisoned).

Vanquished Creatures
  A black bear (D:2)
  An orc priest (D:3)
  An orc wizard (D:3)
  6 adders
  A worm (D:2)
  3 dart slugs
  2 leopard geckos
  2 orcs (D:3)
  A giant cockroach (D:1)
  5 goblins
  9 hobgoblins
  15 jackals
  2 quokkas (D:2)
  7 bats
  5 frilled lizards
  2 kobolds
  8 rats
71 creatures vanquished.

Notes
Turn   | Place    | Note
-------+----------+-------------------------------------------
     0 | D:1      | ReteAZ the Gnoll Wanderer began the quest for the Orb.
     0 | D:1      | ReteAZ set off with the following items: a +2 quarterstaff,
                  | a potion of lignification, a +0 robe; and the following
                  | spell memorised: Sting; and the following spells available
                  | to memorise: Spider Form
     0 | D:1      | Reached XP level 1. HP: 17/17 MP: 6/6
   167 | D:1      | Reached XP level 2. HP: 12/23 MP: 7/7
   740 | D:1      | Reached XP level 3. HP: 28/28 MP: 6/9
   745 | D:1      | Reached skill level 5 in Spellcasting
  1040 | D:1      | Reached skill level 1 in Invocations
  1555 | D:2      | Reached skill level 1 in Short Blades
  1555 | D:2      | Reached skill level 1 in Long Blades
  1555 | D:2      | Reached skill level 1 in Axes
  1555 | D:2      | Reached skill level 1 in Maces & Flails
  1555 | D:2      | Reached skill level 1 in Polearms
  1555 | D:2      | Reached skill level 1 in Slings
  1555 | D:2      | Reached skill level 1 in Bows
  1555 | D:2      | Reached skill level 1 in Crossbows
  1555 | D:2      | Reached skill level 1 in Throwing
  1555 | D:2      | Reached skill level 1 in Armour
  1555 | D:2      | Reached skill level 1 in Stealth
  1555 | D:2      | Reached skill level 1 in Unarmed Combat
  1555 | D:2      | Reached skill level 1 in Evocations
  1653 | D:2      | Reached XP level 4. HP: 33/34 MP: 11/11
  2023 | D:2      | Noticed a black bear
  2036 | D:2      | Killed a black bear
  2037 | D:2      | Reached skill level 1 in Conjurations
  2037 | D:2      | Reached skill level 1 in Hexes
  2037 | D:2      | Reached skill level 1 in Summonings
  2037 | D:2      | Reached skill level 1 in Translocations
  2037 | D:2      | Reached skill level 1 in Transmutations
  2037 | D:2      | Reached skill level 1 in Fire Magic
  2037 | D:2      | Reached skill level 1 in Ice Magic
  2037 | D:2      | Reached skill level 1 in Air Magic
  2037 | D:2      | Reached skill level 1 in Earth Magic
  2037 | D:2      | Reached skill level 1 in Poison Magic
  2037 | D:2      | Reached XP level 5. HP: 19/41 MP: 12/12
  2789 | D:3      | Reached XP level 6. HP: 32/47 MP: 13/13
  3299 | D:3      | Noticed a black bear
  3315 | D:3      | HP: 2/47 [black bear (9)]
  3315 | D:3      | Slain by a black bear

Illustrated notes

Levels and vault maps discovered:
D:1:      mainiacjoe_arrival_reflecting_pool, layout_basic
D:2:      layout_loops_ring, corexii_leaking_fountain, palyth_stone_intersect,
          hangedman_decor_growths, st_stairs_3, minmay_tromino_i2
D:3:      layout_loops_corners, uniq_terence

Skill      XL: |  1  2  3  4  5 |
---------------+----------------+-----
Necromancy     | 2 |  2.6
Spellcasting   | 5 |  5.3
Invocations    | 1 2 |  2.1
Short Blades   | 1 |  1.9
Long Blades    | 1 |  1.9
Axes           | 1 |  1.9
Maces & Flails | 1 |  1.9
Polearms       | 1 |  1.9
Slings         | 1 |  1.9
Bows           | 1 |  1.9
Crossbows      | 1 |  1.9
Throwing       | 1 |  1.9
Armour         | 1 |  1.9
Stealth        | 1 |  1.9
Unarmed Combat | 1 |  1.9
Evocations     | 1 |  1.9
Fighting       | 3 |  3.2
Dodging        | 3 |  3.2
Conjurations   | 1 |  1.5
Hexes          | 1 |  1.5
Summonings     | 1 |  1.5
Translocations | 1 |  1.5
Transmutations | 1 |  1.5
Fire Magic     | 1 |  1.5
Ice Magic      | 1 |  1.5
Air Magic      | 1 |  1.5
Earth Magic    | 1 |  1.5
Poison Magic   | 1 |  1.5
Staves         | |  6.8
Shields        | |  4.9

Action                   |  1- 3 |  4- 6 || total
-------------------------+-------+-------++-------
Melee: Quarterstaff      |    81 |    73 ||   154
       Bite              |     2 |     3 ||     5
 Cast: Sting             |     8 |    27 ||    35
 Stab: Sleeping          |       |     2 ||     2
Armor: Robe              |    16 |    20 ||    36
Dodge: Dodged            |    57 |    41 ||    98

Table legend: (Time is in decaauts)
 A = Elapsed time spent in this place.
 B = Non-inter-level travel time spent in this place.
 C = Inter-level travel time spent in this place.
 D = Time resting spent in this place.
 E = Time spent auto-exploring this place.
 F = Levels seen in this place.
 G = Mean time per level.
                   A        B        C        D        E       F      G
               +--------+--------+--------+--------+--------+-----+--------+
         Total |   3310 |   3244 |     66 |    131 |   2692 |   3 | 1103.3 |
       Dungeon |   3310 |   3244 |     66 |    131 |   2692 |   3 | 1103.3 |
               +--------+--------+--------+--------+--------+-----+--------+

Top non-repeatable levels by time:
     D:1: 1471 daAuts
     D:2: 934 daAuts
     D:3: 904 daAuts
